[ AOE2 MATCH · #476408401 ]
UnrankedGurjaras vs Huns
Player's team · WIN
Rival team · LOSS
[ REPLAY ANALYSIS · EXTRACTED FROM THE RECORDED GAME ]
Feudal
11:17
Castle
23:02
Imperial
42:20
| APM avg | 20.2 |
| APM peak | 44 |
| eAPM avg | 10.9 |
| Villagers / military | 85 / 146 |
Focus
⚔️ 36.1% · 🌾 63.9%
Skirmisher ×93 · Camel Scout ×37 · Scout Cavalry ×6 · Bombard Cannon ×5 · Trebuchet (Packed) ×3 · Monk ×2
Feudal
9:05
Castle
22:58
Imperial
47:24
| APM avg | 21.9 |
| APM peak | 151 |
| eAPM avg | 12.4 |
| Villagers / military | 113 / 300 |
Focus
⚔️ 35.0% · 🌾 65.0%
Spearman ×154 · Cavalry Archer ×103 · Scout Cavalry ×15 · Trebuchet (Packed) ×11 · Mangonel ×8 · Knight ×5
Match map
Initial resources + every placement click. Lines = walls · curves = elevation contours. ◆ gold · ⬟ stone · ● berries · ✦ relic · ◌ wall gap
Your base· Open — unwalled flank
Cesar's base· Open — unwalled flank
Smoothed initial terrain · ◌ = detected wall gap · hover for details
Inputs per minute
— Das Otter - - Cesar
Build order — Das Otter
First 150 of 297 actions detected
| 0:01 | Create | Villager (Male) |
| 0:02 | Create | Villager (Male) |
| 0:03 | Build | House |
| 0:04 | Build | House |
| 0:10 | Create | Villager (Male) |
| 0:10 | Create | Villager (Male) |
| 0:11 | Create | Villager (Male) |
| 1:29 | Create | Villager (Male) |
| 1:29 | Create | Villager (Male) |
| 1:53 | Build | Lumber Camp |
| 1:55 | Create | Villager (Male) |
| 1:55 | Create | Villager (Male) |
| 1:56 | Create | Villager (Male) |
| 2:30 | Create | Villager (Male) |
| 2:30 | Create | Villager (Male) |
| 2:30 | Create | Villager (Male) |
| 2:56 | Create | Villager (Male) |
| 2:57 | Create | Villager (Male) |
| 3:02 | Create | Villager (Male) |
| 3:02 | Create | Villager (Male) |
| 3:36 | Create | Villager (Male) |
| 3:36 | Create | Villager (Male) |
| 3:36 | Create | Villager (Male) |
| 3:53 | Build | House |
| 3:54 | Build | House |
| 4:21 | Create | Villager (Male) |
| 4:21 | Create | Villager (Male) |
| 4:21 | Create | Villager (Male) |
| 4:26 | Build | Mill |
| 4:46 | Create | Villager (Male) |
| 4:47 | Create | Villager (Male) |
| 5:11 | Create | Villager (Male) |
| 5:11 | Create | Villager (Male) |
| 5:42 | Create | Villager (Male) |
| 5:43 | Create | Villager (Male) |
| 5:43 | Create | Villager (Male) |
| 5:43 | Create | Villager (Male) |
| 5:54 | Build | Lumber Camp |
| 6:48 | Create | Villager (Male) |
| 7:17 | Create | Villager (Male) |
| 7:20 | Create | Villager (Male) |
| 8:14 | Create | Villager (Male) |
| 9:07 | Research | Feudal Age |
| 9:51 | Build | Barracks |
| 10:41 | Build | Mill |
| 10:45 | Research | Loom |
| 10:46 | Create | Villager (Male) |
| 10:46 | Create | Villager (Male) |
| 11:17 | Age | Feudal Age |
| 11:21 | Build | Stable |
| 12:00 | Create | Villager (Male) |
| 12:04 | Create | Scout Cavalry |
| 12:04 | Create | Scout Cavalry |
| 12:04 | Create | Scout Cavalry |
| 12:04 | Create | Scout Cavalry |
| 12:05 | Create | Scout Cavalry |
| 12:12 | Build | House |
| 12:14 | Build | House |
| 12:20 | Create | Villager (Male) |
| 12:20 | Create | Villager (Male) |
| 12:24 | Create | Villager (Male) |
| 12:37 | Build | Farm |
| 12:42 | Build | Farm |
| 12:48 | Build | Farm |
| 13:04 | Create | Scout Cavalry |
| 13:10 | Create | Villager (Male) |
| 13:15 | Build | House |
| 13:18 | Build | House |
| 13:48 | Build | Farm |
| 13:48 | Build | Farm |
| 14:03 | Create | Villager (Male) |
| 14:03 | Create | Villager (Male) |
| 14:17 | Research | Double-Bit Axe |
| 14:19 | Research | Horse Collar |
| 14:30 | Build | Mining Camp |
| 14:33 | Create | Villager (Male) |
| 15:14 | Build | Farm |
| 15:14 | Build | Farm |
| 15:15 | Build | Farm |
| 15:20 | Create | Villager (Male) |
| 15:22 | Create | Villager (Male) |
| 16:00 | Build | Farm |
| 16:00 | Build | Farm |
| 16:02 | Build | Farm |
| 16:02 | Build | Farm |
| 16:02 | Build | Farm |
| 16:09 | Build | Farm |
| 16:17 | Create | Villager (Male) |
| 16:30 | Build | House |
| 16:34 | Build | House |
| 16:39 | Build | House |
| 16:52 | Create | Villager (Male) |
| 16:53 | Create | Villager (Male) |
| 17:48 | Create | Villager (Male) |
| 17:48 | Create | Villager (Male) |
| 17:56 | Build | Farm |
| 17:56 | Build | Farm |
| 17:58 | Build | Farm |
| 19:43 | Build | Blacksmith |
| 19:49 | Create | Villager (Male) |
| 20:14 | Build | Archery Range |
| 20:22 | Research | Castle Age |
| 20:31 | Research | Bloodlines |
| 22:21 | Create | Villager (Male) |
| 22:22 | Create | Villager (Male) |
| 22:31 | Create | Skirmisher |
| 22:31 | Create | Skirmisher |
| 22:31 | Create | Skirmisher |
| 22:31 | Create | Skirmisher |
| 22:32 | Create | Skirmisher |
| 22:32 | Create | Skirmisher |
| 22:32 | Create | Skirmisher |
| 22:32 | Create | Skirmisher |
| 22:37 | Research | Fletching |
| 22:37 | Research | Forging |
| 23:02 | Age | Castle Age |
| 23:06 | Build | Stable |
| 23:18 | Research | Husbandry |
| 23:31 | Create | Villager (Male) |
| 23:37 | Build | Farm |
| 23:57 | Create | Camel Scout |
| 24:06 | Build | House |
| 24:14 | Create | Villager (Male) |
| 24:21 | Build | Farm |
| 24:27 | Create | Villager (Male) |
| 24:56 | Create | Camel Scout |
| 24:56 | Create | Camel Scout |
| 24:56 | Create | Camel Scout |
| 24:56 | Create | Camel Scout |
| 24:57 | Create | Camel Scout |
| 24:57 | Create | Camel Scout |
| 24:57 | Create | Camel Scout |
| 25:03 | Create | Camel Scout |
| 25:03 | Create | Camel Scout |
| 25:03 | Create | Camel Scout |
| 25:03 | Create | Camel Scout |
| 25:04 | Create | Camel Scout |
| 25:08 | Build | House |
| 25:09 | Build | House |
| 25:11 | Build | House |
| 25:14 | Build | Farm |
| 26:59 | Research | Padded Archer Armor |
| 27:02 | Research | Scale Barding Armor |
| 27:02 | Research | Iron Casting |
| 27:58 | Research | Chain Barding Armor |
| 28:08 | Create | Villager (Male) |
| 28:08 | Create | Villager (Male) |
| 28:13 | Create | Villager (Male) |
| 28:19 | Build | Town Center |
| 28:38 | Create | Villager (Male) |
Build order — Cesar
First 150 of 308 actions detected
| 0:01 | Create | Villager (Male) |
| 0:08 | Create | Villager (Male) ×3 |
| 0:08 | Create | Villager (Male) ×3 |
| 1:32 | Create | Villager (Male) |
| 1:32 | Create | Villager (Male) |
| 1:53 | Create | Villager (Male) |
| 1:53 | Create | Villager (Male) |
| 2:13 | Create | Villager (Male) |
| 2:47 | Create | Villager (Male) ×2 |
| 2:47 | Create | Villager (Male) ×2 |
| 3:42 | Create | Villager (Male) |
| 3:51 | Build | Mill |
| 4:19 | Create | Villager (Male) ×2 |
| 4:19 | Create | Villager (Male) ×2 |
| 4:38 | Build | Lumber Camp |
| 5:07 | Create | Villager (Male) |
| 5:35 | Create | Villager (Male) |
| 5:36 | Create | Villager (Male) |
| 5:37 | Research | Loom |
| 6:55 | Research | Feudal Age |
| 7:23 | Create | Villager (Male) ×2 |
| 8:10 | Build | Barracks |
| 8:22 | Create | Villager (Male) |
| 8:34 | Build | Palisade Wall |
| 9:05 | Age | Feudal Age |
| 9:19 | Build | Stable |
| 9:49 | Build | Palisade Wall |
| 10:06 | Create | Villager (Male) |
| 10:10 | Create | Scout Cavalry ×3 |
| 10:31 | Create | Villager (Male) |
| 10:46 | Build | Farm |
| 10:47 | Build | Farm |
| 10:48 | Build | Farm |
| 10:49 | Build | Farm |
| 10:58 | Create | Villager (Male) |
| 11:20 | Build | Farm |
| 11:23 | Create | Scout Cavalry |
| 12:00 | Build | Palisade Wall |
| 12:05 | Build | Farm |
| 12:08 | Build | Farm |
| 12:10 | Create | Villager (Male) |
| 13:02 | Create | Villager (Male) |
| 13:05 | Build | Mining Camp |
| 13:44 | Create | Villager (Male) |
| 13:55 | Build | Archery Range |
| 13:58 | Create | Spearman |
| 14:17 | Research | Bloodlines |
| 14:21 | Build | Farm |
| 14:24 | Create | Villager (Male) |
| 14:28 | Create | Scout Cavalry |
| 14:54 | Create | Villager (Male) |
| 15:02 | Build | Farm |
| 15:08 | Create | Villager (Male) |
| 15:40 | Create | Scout Cavalry |
| 16:05 | Create | Scout Cavalry |
| 16:06 | Create | Villager (Male) |
| 16:09 | Build | Farm |
| 16:11 | Build | Farm |
| 16:15 | Build | Archery Range |
| 16:22 | Build | Farm |
| 17:25 | Build | Farm |
| 17:31 | Build | Farm |
| 17:34 | Build | Farm |
| 17:36 | Create | Villager (Male) |
| 17:56 | Create | Spearman |
| 18:50 | Create | Spearman |
| 19:12 | Create | Spearman |
| 20:18 | Research | Castle Age |
| 20:53 | Build | Lumber Camp |
| 21:23 | Research | Double-Bit Axe |
| 22:39 | Build | Archery Range |
| 22:58 | Age | Castle Age |
| 23:04 | Create | Cavalry Archer ×3 |
| 23:04 | Create | Cavalry Archer ×3 |
| 23:05 | Create | Cavalry Archer ×3 |
| 23:12 | Create | Villager (Male) ×5 |
| 23:39 | Create | Cavalry Archer ×4 |
| 23:39 | Create | Cavalry Archer ×4 |
| 23:39 | Create | Cavalry Archer ×4 |
| 23:40 | Create | Cavalry Archer ×4 |
| 23:54 | Create | Villager (Male) |
| 23:56 | Create | Villager (Male) |
| 24:13 | Build | Blacksmith |
| 24:37 | Create | Cavalry Archer ×3 |
| 24:37 | Create | Cavalry Archer ×3 |
| 24:38 | Create | Cavalry Archer ×3 |
| 24:43 | Research | Town Watch |
| 24:47 | Create | Cavalry Archer |
| 24:47 | Create | Cavalry Archer |
| 24:47 | Create | Cavalry Archer |
| 25:01 | Research | Fletching |
| 25:01 | Research | Padded Archer Armor |
| 25:23 | Research | Husbandry |
| 25:40 | Research | Bodkin Arrow |
| 25:43 | Create | Cavalry Archer ×5 |
| 25:43 | Create | Cavalry Archer ×5 |
| 25:44 | Create | Cavalry Archer ×5 |
| 25:44 | Create | Cavalry Archer |
| 27:14 | Research | Squires |
| 27:15 | Create | Spearman |
| 27:15 | Create | Spearman |
| 27:39 | Research | Leather Archer Armor |
| 27:46 | Create | Knight |
| 27:46 | Create | Knight |
| 27:46 | Create | Knight |
| 28:03 | Create | Villager (Male) |
| 28:21 | Build | Siege Workshop |
| 29:55 | Create | Mangonel |
| 29:55 | Create | Mangonel |
| 30:23 | Create | Cavalry Archer |
| 31:51 | Create | Mangonel |
| 32:09 | Research | Pikeman (upgrade) |
| 32:09 | Create | Spearman ×5 |
| 32:09 | Create | Spearman ×5 |
| 32:23 | Build | Barracks |
| 32:38 | Research | Wheelbarrow |
| 32:39 | Research | Bow Saw |
| 32:56 | Build | Town Center |
| 33:13 | Build | Town Center |
| 33:23 | Create | Spearman ×5 |
| 33:32 | Create | Cavalry Archer ×2 |
| 33:32 | Create | Cavalry Archer ×2 |
| 33:32 | Create | Cavalry Archer ×2 |
| 33:32 | Create | Cavalry Archer ×2 |
| 34:08 | Create | Villager (Male) |
| 34:08 | Create | Villager (Male) |
| 34:09 | Create | Villager (Male) |
| 34:09 | Create | Villager (Male) |
| 34:20 | Create | Villager (Male) |
| 34:27 | Build | Siege Workshop |
| 34:32 | Create | Villager (Male) |
| 34:33 | Create | Villager (Male) |
| 35:04 | Build | Farm |
| 35:06 | Build | Farm |
| 35:08 | Create | Villager (Male) |
| 35:08 | Create | Villager (Male) |
| 35:08 | Create | Villager (Male) |
| 35:28 | Build | Farm |
| 35:35 | Create | Mangonel |
| 35:42 | Build | Farm |
| 35:43 | Create | Villager (Male) |
| 35:44 | Create | Villager (Male) |
| 35:44 | Create | Villager (Male) |
| 35:45 | Create | Villager (Male) |
| 36:00 | Create | Villager (Male) |
| 36:20 | Research | Horse Collar |
| 36:20 | Research | Horse Collar |
| 36:29 | Build | Farm |
| 36:32 | Create | Villager (Male) |
| 36:33 | Create | Villager (Male) |
Match timeline
| 8:10 | Cesar · first_building Barracks |
| 8:34 | Cesar · wall_segment Palisade Wall x7 |
| 9:05 | Cesar · age_up feudal |
| 9:19 | Cesar · first_building Stable |
| 9:49 | Cesar · wall_segment Palisade Wall x5 |
| 9:51 | Das Otter · first_building Barracks |
| 11:17 | Das Otter · age_up feudal |
| 11:21 | Das Otter · first_building Stable |
| 12:00 | Cesar · wall_segment Palisade Wall x21 |
| 13:55 | Cesar · first_building Archery Range |
| 20:14 | Das Otter · first_building Archery Range |
| 22:58 | Cesar · age_up castle |
| 23:02 | Das Otter · age_up castle |
| 28:21 | Cesar · first_building Siege Workshop |
| 34:59 | Das Otter · first_building Monastery |
| 38:02 | Das Otter · first_building Castle |
| 38:55 | Das Otter · first_market_buy 100 food |
| 42:20 | Das Otter · age_up imperial |
| 43:06 | Cesar · first_building Castle |
| 43:13 | Cesar · first_market_sell 100 wood |
| 43:15 | Cesar · first_market_buy 100 food |
| 47:24 | Cesar · age_up imperial |
| 48:17 | Das Otter · first_building Siege Workshop |
| 58:14 | Cesar · resign |
[ AI ANALYSIS · 1 CREDIT ]
What really happened in this match?
Wolo.gg analyzes every decision: build order, eco, micro, common mistakes by bracket. Personalized analysis on WhatsApp or Discord in 30 seconds.
Civ guide
Gurjaras
Perfil
Jugador #10138839